 Dungeon Crawl Stone Soup version 0.28-a0-1520-gc3277d3759 (webtiles) character file.

Game seed: 4914119400441894104

90 kae the Insei (level 4, -1/33 HPs)
             Began as a Demonspawn Transmuter on Jan 17, 2022.
             Slain by Edmund (18 damage)
             ... on level 3 of the Dungeon.
             The game lasted 00:01:57 (2955 turns).

kae the Insei (Demonspawn Transmuter)               Turns: 2955, Time: 00:01:57

Health: -1/33      AC:  2    Str: 10    XL:     4   Next: 32%
Magic:  7/7        EV: 12    Int: 17    God:
Gold:   83         SH:  0    Dex: 13    Spells: 6/7 levels left

rFire   . . .      SeeInvis .     - Unarmed
rCold   . . .      Faith    .   (no shield)
rNeg    . . .      Spirit   .   a - +0 robe
rPois   .          Reflect  .   (no helmet)
rElec   .          Harm     .   (no cloak)
rCorr   .          Rampage  .   (no gloves)
Will    .....                   (no boots)
Stlth   +.........              (no amulet)
HPRegen 0.11/turn               (no ring)
MPRegen 0.10/turn               (no ring)

@: invisible
A: foul stench 1, weakness stinger 1, demonic touch 1
a: no special abilities


You were on level 3 of the Dungeon.
You visited 1 branch of the dungeon, and saw 4 of its levels.

You collected 83 gold pieces.

Inventory:

Armour
 a - a +0 robe (worn)
Scrolls
 e - a scroll of noise
Potions
 c - a potion of cancellation {unknown}
 d - 2 potions of degeneration {unknown}


   Skills:
 + Level 1.6 Fighting
 + Level 2.2 Dodging
 * Level 3.5 Unarmed Combat
 + Level 2.3 Spellcasting
 * Level 2.5 Transmutations


You had 6 spell levels left.
You knew the following spells:

 Your Spells              Type           Power      Damage    Failure   Level
a - Beastly Appendage     Tmut           20%        N/A       6%          1

Your spell library contained the following spells:

 Spells                   Type           Power      Damage    Failure   Level
 Wereblood                Tmut           10%        N/A       10%         2
 Animate Skeleton         Necr           4%         N/A       19%         1
 Apportation              Tloc           4%         N/A       19%         1
 Summon Small Mammal      Summ           8%         N/A       19%         1
 Ensorcelled Hibernation  Hex/Ice        4%         N/A       28%         2
 Spider Form              Tmut/Pois      6%         N/A       32%         3
 Ice Form                 Ice/Tmut       6%         N/A       73%         4
 Anguish                  Hex/Necr       1%         N/A       88%         4


Dungeon Overview and Level Annotations

Branches:
Dungeon (4/15)
 Temple: D:4-7

Altars:
Gozag
Sif Muna

Annotations:
D:3 Edmund


Innate Abilities, Weirdness & Mutations

You may rarely emit foul miasma when damaged in melee.
You have a small tail.
Your touch may inflict minor irresistible damage on your foes.


Message History

Done exploring.
Done exploring.
As you read the scroll labelled MYNEGH RYCIEMI, it crumbles to dust.
You feel momentarily disoriented.
It was a scroll of magic mapping.
Unknown command.
You start waiting.
Done waiting.
(D) Dungeon
Where to? (Enter - D:3, ? - help)
There is a stone staircase leading down here.
You climb downwards.
You hear the sound of rushing water.
There is an entrance to a sewer on this level.
Hurry and find it before the portal rusts away!
Edmund shouts!
Found 14 stones, a cloak, 6 atropa-tipped darts and a scroll of noise.
Found a stone staircase leading up.
There is a stone staircase leading up here.
Casting: Beastly Appendage (safe; 7% risk of failure)
Confirm with . or Enter, or press ? or * to list all spells.
You grow a pair of large bovine horns.
Your feet morph into talons.
Your transformation is almost over.
The ball python hisses angrily.
You hear a shout!
You hit the giant cockroach. You claw the giant cockroach.
You kill the giant cockroach!
A gnoll comes into view. It is wielding a +0 club.
The gnoll shouts!
You hear a shout!
Edmund hits you with a +2 dire flail of protection!
You are too injured to fight recklessly!
You are too injured to fight recklessly!
Edmund says, "People think my brother is the best.
I think he's crazy."
There is a stone staircase leading up here.
Edmund hits you with a +2 dire flail of protection.
You climb upwards.
Your horns disappear.
Your talons disappear.
There is a stone staircase leading down here.
Okay, then.
You fade into invisibility!
Edmund hits you with a +2 dire flail of protection!!
Ouch! That really hurt!
You die...

...# #.................# ##.##
##................# ....#####
#...........#########
##......###########..............
###.#......##....................
...........##....................
####.......##...........#########
.###.......##..............# #..
...............@@....[.....# #..
...........#...............# #..
..##..#.####...............# #..
..###.#.#..................# #..
..# #.#......#......######.# ##.
..###..##.#............# #.# #.
..........#............# #.# #.
#.####.####............# #.# #.
#.#....................# #.# #.


You could see Edmund.

Vanquished Creatures
  A killer bee zombie (D:3)
  An adder (D:2)
  An ufetubus (D:2)
  A worm (D:2)
  A dart slug (D:3)
  5 bats
  5 endoplasms
  3 giant cockroaches
  5 goblins
  6 hobgoblins
  5 kobolds
  A quokka (D:3)
  7 ball pythons
  3 frilled lizards (D:1)
  A rat (D:1)
46 creatures vanquished.

Notes
Turn   | Place    | Note
-------+----------+-------------------------------------------
     0 | D:1      | kae the Demonspawn Transmuter began the quest for the Orb.
     0 | D:1      | Reached XP level 1. HP: 15/15 MP: 3/3
   309 | D:1      | Discovered your monstrous ancestry.
   309 | D:1      | Gained mutation: You have a small tail. [demonic ancestry]
   309 | D:1      | Reached XP level 2. HP: 20/21 MP: 3/5
   542 | D:1      | Reached skill level 3 in Unarmed Combat
  1192 | D:2      | Gained mutation: Your touch may inflict minor irresistible
                  | damage on your foes. [demonic ancestry]
  1192 | D:2      | Reached XP level 3. HP: 26/26 MP: 6/6
  1383 | D:2      | You fall into a shaft and drop 1 floor!
  1452 | D:3      | Found an opulent altar of Gozag.
  1506 | D:3      | Gained mutation: You may rarely emit foul miasma when
                  | damaged in melee. [demonic ancestry]
  1506 | D:3      | Reached XP level 4. HP: 17/32 MP: 7/7
  2773 | D:3      | Found a shimmering blue altar of Sif Muna.
  2944 | D:4      | Noticed Edmund
  2955 | D:3      | Slain by Edmund

Illustrated notes

Levels and vault maps discovered:
D:1:      dpeg_arrival_renting, layout_basic, minmay_tetromino_l2
D:2:      layout_rooms, minmay_misc_feat_columns, minmay_misc_feat_tiny
D:3:      layout_basic, lemuel_blue_sif_altar, mainiacjoe_overflow_boulevard
D:4:      minmay_chambers_of_threes, layout_cave_pools,
          nicolae_overflow_hidden_temple, gammafunk_temple_overflow_wave,
          portal_sewer_entry_d, serial_glass, glass_columns_a, glass_columns_b,
          uniq_edmund

Skill      XL: |  1  2 |
---------------+-------+-----
Transmutations | 2 |  2.5
Dodging        | 2 |  2.2
Unarmed Combat | 3 |  3.5
Fighting       | |  1.6
Spellcasting   | |  2.3

Action                   |  1- 3 |  4- 6 || total
-------------------------+-------+-------++-------
Melee: Unarmed           |    73 |    26 ||    99
       Headbutt          |    10 |     1 ||    11
       Kick              |    12 |     1 ||    13
       Punch             |     2 |     1 ||     3
       Tailslap          |     5 |     1 ||     6
       Touch             |     8 |     4 ||    12
 Cast: Beastly Appendage |    20 |     5 ||    25
  Use: Scroll            |     2 |     4 ||     6
       Potion            |       |     1 ||     1
 Stab: Sleeping          |     2 |       ||     2
Armor: Robe              |    27 |       ||    27
Dodge: Dodged            |    64 |    28 ||    92

Table legend: (Time is in decaauts)
 A = Elapsed time spent in this place.
 B = Non-inter-level travel time spent in this place.
 C = Inter-level travel time spent in this place.
 D = Time resting spent in this place.
 E = Time spent auto-exploring this place.
 F = Levels seen in this place.
 G = Mean time per level.
                   A        B        C        D        E       F      G
               +--------+--------+--------+--------+--------+-----+--------+
         Total |   2950 |   2906 |     44 |    108 |   2452 |   4 |  737.5 |
       Dungeon |   2950 |   2906 |     44 |    108 |   2452 |   4 |  737.5 |
               +--------+--------+--------+--------+--------+-----+--------+

Top non-repeatable levels by time:
     D:1: 1042 daAuts
     D:2: 980 daAuts
     D:3: 917 daAuts
     D:4: 9 daAuts
